 Dungeon Crawl Stone Soup version 0.29-a0-341-g24ffce5b50 (webtiles) character file.

Game seed: 15808827088096961210

28 bande the Covered (level 3, 0/23 HPs)
             Began as a Gargoyle Fighter on Apr 21, 2022.
             Frozen to death by an endoplasm (1 damage)
             ... on level 2 of the Dungeon.
             The game lasted 00:01:46 (1105 turns).

bande the Covered (Gargoyle Fighter)                Turns: 1105, Time: 00:01:47

Health: 0/23       AC: 12    Str: 17 (19) XL:     3   Next: 14%
Magic:  3/3        EV:  9    Int:  7 (8)  God:
Gold:   40         SH:  4    Dex: 10 (11) Spells: 2/2 levels left

rFire   . . .      SeeInvis .   a - +0 war axe
rCold   . . .      Faith    .   c - +0 buckler
rNeg    + . .      Spirit   .   b - +0 scale mail
rPois   ∞          Reflect  .   m - +0 helmet
rElec   +          Harm     .   (no cloak)
rCorr   .          Rampage  .   (no gloves)
Will    .....                   f - +0 pair of boots
Stlth   ..........              (no amulet)
HPRegen 0.07/turn               (no ring)
MPRegen 0.08/turn               (no ring)

@: attractive
A: sickness immunity, AC +3, negative energy resistance 1, electricity
resistance, torment resistance 1, petrification resistance
a: no special abilities


You were on level 2 of the Dungeon.
You visited 1 branch of the dungeon, and saw 2 of its levels.

You collected 40 gold pieces.

Inventory:

Hand Weapons
 a - a +0 war axe (weapon)
Armour
 b - a +0 scale mail (worn)
 c - a +0 buckler (worn)
 f - a +0 pair of boots (worn)
 m - a +0 helmet (worn)
Scrolls
 k - a scroll of identify {unknown}
Potions
 d - 2 potions of might
 h - a potion of cancellation {unknown}
 i - a potion of heal wounds {unknown}
 j - a potion of brilliance {unknown}
 l - a potion of mutation {unknown}


   Skills:
 + Level 3.6 Fighting
 + Level 2.1 Axes
 + Level 3.8 Armour
 + Level 3.6 Shields


You had 2 spell levels left.
You didn't know any spells.
Your spell library was empty.

Dungeon Overview and Level Annotations

Branches:
Dungeon (2/15)

Altars:

Annotations:
D:2 Terence


Innate Abilities, Weirdness & Mutations

You are immune to sickness and miasma.
Your stone body is resilient. (AC +3)
You are immune to poison.
You resist negative energy. (rN+)
You are resistant to electric shocks. (rElec)
You are resistant to unholy torment.
You are immune to petrification.


Message History

m - a +0 helmet You start putting on your armour.
You continue putting on your +0 helmet. x4
You finish putting on your +0 helmet.
Done exploring.
There is a stone staircase leading down here.
You climb downwards.
There is a stone staircase leading up here.
Found a stone staircase leading up.
There is a stone staircase leading up here.
Terence the Incautious comes into view.
He is wielding a +4 flail of protection.
Terence shouts!
Terence moves out of view.
No target in view!
Found a stone staircase leading up.
An endoplasm comes into view.
The endoplasm quivers.
You block Terence's attack.
You hit Terence but do no damage. Terence says, "Did you write a will?
You should..."
You block Terence's attack.
You completely miss Terence.
Terence hits you with a +4 flail of protection!
You hit Terence but do no damage.
Terence hits you with a +4 flail of protection.
The endoplasm freezes you.
You are frozen.
Terence bares his teeth.
Terence hits you with a +4 flail of protection.
* * * LOW HITPOINT WARNING * * *
It was a potion of attraction.
You feel attractive to monsters.
The endoplasm hits you but does no damage.
Terence hits you with a +4 flail of protection.
* * * LOW HITPOINT WARNING * * *
It was a potion of degeneration.
There was something very wrong with that liquid.
You feel weakened.
You feel dopey.
You feel clumsy. The endoplasm freezes you.
You are frozen.
You die...

#..# ..# #.## ..#.
#.# ....##### #.#
........ #.#
....?...####<########
.......#.............
##..#############
#J@.# #.@...#
.........#
.............
#.##.......### #
##<....## ##...##
...##


You could see Terence and an endoplasm.

Vanquished Creatures
  A gnoll (D:1)
  A dart slug (D:1)
  4 endoplasms (D:1)
  2 goblins (D:1)
  2 hobgoblins (D:1)
  A ball python (D:1)
  2 frilled lizards (D:1)
  A kobold (D:1)
  3 rats (D:1)
17 creatures vanquished.

Notes
Turn   | Place    | Note
-------+----------+-------------------------------------------
     0 | D:1      | bande the Gargoyle Fighter began the quest for the Orb.
     0 | D:1      | Reached XP level 1. HP: 14/14 MP: 1/1
   124 | D:1      | Reached XP level 2. HP: 19/19 MP: 2/2
   598 | D:1      | Reached XP level 3. HP: 13/23 MP: 3/3
   937 | D:1      | Found a faded altar of an unknown god.
  1097 | D:2      | Noticed Terence
  1104 | D:2      | HP: 1/23 [Terence/+4 flail of protection (1)]
  1105 | D:2      | Frozen to death by an endoplasm

Illustrated notes

Levels and vault maps discovered:
D:1:      minmay_arrival_shattered_statue, layout_basic,
          dilly_ecumenical_altar_fadedgnrine, grunt_decor_one_mirror,
          minmay_statues_item, chequers_serial_rivers_small_a
D:2:      layout_loops_ring, grunt_decor_arrowhead, hangedman_glass_teeth,
          uniq_robin, uniq_terence

Skill      XL: |  1  2 |
---------------+-------+-----
Axes           | 2 |  2.1
Fighting       | |  3.6
Armour         | |  3.8
Shields        | |  3.6

Action                   || total
-------------------------++-------
Melee: War axe           ||    58
  Use: Scroll            ||     2
       Potion            ||     2
Armor: Scale mail        ||    24
Dodge: Dodged            ||    27
Block: Buckler           ||    20

Table legend: (Time is in decaauts)
 A = Elapsed time spent in this place.
 B = Non-inter-level travel time spent in this place.
 C = Inter-level travel time spent in this place.
 D = Time resting spent in this place.
 E = Time spent auto-exploring this place.
 F = Levels seen in this place.
 G = Mean time per level.
                   A        B        C        D        E       F      G
               +--------+--------+--------+--------+--------+-----+--------+
         Total |   1130 |   1083 |     47 |    143 |    700 |   2 |  565.0 |
       Dungeon |   1130 |   1083 |     47 |    143 |    700 |   2 |  565.0 |
               +--------+--------+--------+--------+--------+-----+--------+

Top non-repeatable levels by time:
     D:1: 1104 daAuts
     D:2: 26 daAuts
